 Dungeon Crawl Stone Soup version 0.23.0 (webtiles) character file.

Game seed: 1459245750074774813

18 MalarOregon the Changer (level 2, 0/21 HPs)
             Began as a Merfolk Transmuter on Feb 14, 2019.
             Slain by a jackal (3 damage)
             ... on level 1 of the Dungeon.
             The game lasted 00:01:09 (384 turns).

MalarOregon the Changer (Merfolk Transmuter)         Turns: 384, Time: 00:01:09

Health: 0/21       AC:  2    Str: 10    XL:     2   Next: 66%
Magic:  5/5        EV: 13    Int: 12    God:
Gold:   24         SH:  0    Dex: 14    Spells: 4/5 levels left

rFire    . . .     SeeInvis .   i - -2 whip (curse)
rCold    . . .     Gourm    .   (no shield)
rNeg     . . .     Faith    .   b - +0 robe
rPois    .         Spirit   .   (no helmet)
rElec    .         Reflect  .   (no cloak)
rCorr    .         Harm     .   (no gloves)
MR       .....                  (no boots)
Stlth    +.........             (no amulet)
HPRegen  0.07/turn              (no ring)
MPRegen  0.09/turn              (no ring)

@: no status effects
A: change form in water, swift swim, stealthy swim
a: no special abilities


You were on level 1 of the Dungeon.
You were not hungry.

You visited 1 branch of the dungeon, and saw 1 of its levels.

You collected 24 gold pieces.

Inventory:

Hand Weapons
 i - a cursed -2 whip (weapon)
   (You found it on level 1 of the Dungeon)
Missiles
 a - 39 arrows
Armour
 b - a +0 robe (worn)
 f - a +0 helmet
   (You found it on level 1 of the Dungeon)
Scrolls
 c - 2 scrolls of teleportation {unknown}
 g - a scroll of identify {unknown}
 h - a scroll of amnesia {unknown}
Comestibles
 d - 8 chunks of flesh
 e - 4 rations {!d}


   Skills:
 - Level 1.1 Fighting
 - Level 2.6 Dodging
 - Level 3.2 Unarmed Combat
 - Level 2.0 Spellcasting
 + Level 4.2 Transmutations


You had 4 spell levels left.
You knew the following spells:

 Your Spells              Type           Power        Failure   Level  Hunger
a - Beastly Appendage     Tmut           ##....       4%          1    ##.....

Your spell library contained the following spells:

 Spells                   Type           Power        Failure   Level  Hunger
 Sticks to Snakes         Tmut           ##......     7%          2    ###....
 Spider Form              Tmut/Pois      #.........   34%         3    ####...
 Ice Form                 Ice/Tmut       #.......     75%         4    #####..
 Blade Hands              Tmut           ##........   78%         5    ######.


Dungeon Overview and Level Annotations

Branches:
Dungeon (1/15)

Altars:


Message History

Unknown command.
A rat and a giant cockroach come into view.
You extend your transformation's duration.
A hobgoblin comes into view.
You closely miss the rat. The rat bites you. x2
You hit the rat but do no damage. The jackal barely misses you.
The rat barely misses you.
You closely miss the jackal. The jackal barely misses you.
The rat barely misses you.
You completely miss the jackal. Your headbutt misses the jackal.
The jackal bites you. The rat barely misses you.
You closely miss the jackal. Your headbutt misses the jackal.
Your punch misses the jackal.
The jackal bites you but does no damage.
The rat misses you. The giant cockroach bites you.
You hit the jackal but do no damage. The jackal bites you.
The giant cockroach barely misses you. The rat misses you.
The jackal bites you.
* * * LOW HITPOINT WARNING * * *
The jackal bites you.
* * * LOW HITPOINT WARNING * * *
You hit the jackal. The giant cockroach closely misses you.
You hit the jackal. You headbutt the jackal.
You kill the jackal!
The rat bites you.
* * * LOW HITPOINT WARNING * * *
The giant cockroach misses you.
You barely miss the rat. The giant cockroach barely misses you.
The rat closely misses you.
You closely miss the rat. You punch the rat, but do no damage.
Your transformation is almost over.
The giant cockroach bites you.
* * * LOW HITPOINT WARNING * * *
The rat bites you.
* * * LOW HITPOINT WARNING * * *
The giant cockroach bites you but does no damage.
Unknown command.
You barely miss the rat. Your headbutt misses the rat. The rat misses you.
The giant cockroach barely misses you.
You barely miss the giant cockroach. The giant cockroach misses you.
The giant cockroach completely misses you.
You see here a jackal skeleton.
You hit the rat.
You kill the rat!
Your horns disappear.
The jackal barely misses you.
You closely miss the jackal.
The jackal bites you but does no damage.
You completely miss the jackal. The jackal bites you.
You die...

##..####.#
##........#
##.g.......#
##..##.....#
...###..##.....#
...###..##..s..#
.#..##..####g###
##.)#..## #h#
##....######@#
##...##...##.#
######....##.#
######...........#
##.##.........####
##.........[..#
##.##.........#
##.##.....>...#
##.....รท......#


You could see a jackal, a giant cockroach and a hobgoblin.

Vanquished Creatures
  5 goblins (D:1)
  3 hobgoblins (D:1)
  2 jackals (D:1)
  A bat (D:1)
  A kobold (D:1)
  4 rats (D:1)
16 creatures vanquished.

Notes
Turn   | Place    | Note
-------+----------+-------------------------------------------
     0 | D:1      | MalarOregon the Merfolk Transmuter began the quest for the
                  | Orb.
     0 | D:1      | Reached XP level 1. HP: 15/15 MP: 3/3
    15 | D:1      | Reached skill level 3 in Transmutations
    56 | D:1      | Reached XP level 2. HP: 9/21 MP: 0/5
   233 | D:1      | Reached skill level 4 in Transmutations
   384 | D:1      | Slain by a jackal

Skill      XL: |  1  2 |
---------------+-------+-----
Transmutations | 3 4 |  4.2
Fighting       | |  1.1
Dodging        | |  2.6
Unarmed Combat | |  3.2
Spellcasting   | |  2.0

Action                   || total
-------------------------++-------
Melee: Unarmed           ||    41
       Headbutt          ||     3
       Whip              ||    18
       Punch             ||     1
 Cast: Beastly Appendage ||    13
Armor: Robe              ||     8
Dodge: Dodged            ||    42
